 Dungeon Crawl Stone Soup version 0.30-a0-368-g86fb4627a9 (webtiles) character file.

Game seed: 9866611164572174321

246 kae the Changer (level 5, -4/40 HPs)
             Began as a Draconian Transmuter on Nov 18, 2022.
             Was an Initiate of Ru.
             Succumbed to a scorpion's poison
             ... on level 5 of the Dungeon.
             The game lasted 00:03:39 (4195 turns).

kae the Changer (Draconian Transmuter)              Turns: 4195, Time: 00:03:39

Health: -4/40      AC:  2    Str: 12    XL:     5   Next: 84%
Magic:  6/9        EV: 19    Int: 15    God:    Ru [......]
Gold:   243        SH:  0    Dex: 17    Spells: 0/10 levels left

rFire   . . .      SeeInvis .      - Unarmed
rCold   . . .      Faith    .    (shield currently unavailable)
rNeg    . . .      Spirit   .    (body armour unavailable)
rPois   x          Reflect  .    (helmet currently unavailable)
rElec   .          Harm     .    (cloak currently unavailable)
rCorr   .          Rampage  .    (gloves currently unavailable)
Will    .....                    (boots currently unavailable)
Stlth   ++........               (no amulet)
HPRegen 0.26/turn                (no ring)
MPRegen 0.11/turn                (no ring)

@: lethally poisoned (-4 -> -49), spider-form
A: venomous fangs, AC +5, tiny, unfitting armour, (cold-blooded)
a: End Transformation, Renounce Religion


You were on level 5 of the Dungeon.
You worshipped Ru.
Ru was noncommittal.
You were a venomous arachnid creature.
You visited 2 branches of the dungeon, and saw 6 of its levels.

You collected 243 gold pieces.


Innate Abilities, Weirdness & Mutations

You are a venomous arachnid creature.
You have poisonous fangs.
You are tiny and dextrous.
Your spellcasting is less reliable in this form.
Your armour is entirely melded.
You are incapable of wielding weapons or throwing items.
((Your plain brown scales are hard. (AC +5)))
You cannot fit into any form of body armour.
((You are cold-blooded and may be slowed by cold attacks.))


   Skills:
 - Level 1.1 Fighting
 - Level 1.7 Dodging
 + Level 4.0 Unarmed Combat
 + Level 3.2 Spellcasting
 * Level 4.4 Transmutations
 * Level 0.1 Ice Magic
 - Level 1.0 Poison Magic


You couldn't memorise any spells.
You knew the following spells:

 Your Spells              Type           Power      Damage    Failure   Level
a - Beastly Appendage     Tmut           30%        N/A       11%         1
b - Wereblood             Tmut           15%        N/A       14%         2
c - Spider Form           Tmut/Pois      10%        N/A       38%         3
d - Ice Form              Ice/Tmut       9%         N/A       78%         4

Your spell library contained the following spells:

 Spells                   Type           Power      Damage    Failure   Level
 Gell's Gravitas          Tloc           2%         N/A       73%         3
 Stone Arrow              Conj/Erth      4%         3d7       73%         3
 Teleport Other           Tloc           2%         N/A       73%         3
 Dispersal                Tloc           1%         N/A       100%        6
 Lehudib's Crystal Spear  Conj/Erth      1%         10d2      100%        8
 Animate Armour           Summ/Erth      Unusable   N/A       N/A         4

Inventory:

Missiles
 d - 9 poisoned darts
 e - 43 stones
Armour
 i - a +1 pair of gloves (melded)
   (You found it on level 1 of the Dungeon)
 q - the +1 pair of boots "Mitask" (melded) {rPois rC- Str+2}
   (You found it on level 2 of the Dungeon)

   Str:       It affects your strength (+2).
   rC:        It makes you vulnerable to cold.
   rPois:     It protects you from poison.
Wands
 s - a wand of paralysis (6)
   (You found it on level 3 of the Dungeon)
Scrolls
 f - a scroll of torment {!r}
 g - 2 scrolls of teleportation {@r4}
 r - a scroll of acquirement
Potions
 a - 2 potions of lignification {!q}
 j - a potion of attraction {!q}
 m - a potion of haste {@q3}
 o - 2 potions of mutation {!q}

Dungeon Overview and Level Annotations

Branches:
Dungeon (5/15) Zot: 25958  Temple (1/1) D:4 Zot: 5845

Altars:
Ashenzari
Cheibriados
Dithmenos
Elyvilon
Gozag
Hepliaklqana
Kikubaaqudgha
Makhleb
Okawaru
Qazlal
Ru
Trog
Uskayaw
Vehumet
Wu Jian
Xom
Yredelemnul
The Shining One

#####+######
#ssh.......#
####.......#
#.......#
#.......#
........#####
......[..
...........
............
#######..?...


You could see a scorpion and a hound.


Message History

You hear a loud clanging noise!
It was a scroll of noise.
You hear an angry hiss. x2
Unknown command.
As you read the scroll labelled ZELLETOTOY, it crumbles to dust.
It is a scroll of enchant armour.
Your +0 pair of gloves glows green for a moment.
You start waiting.
An adder comes into view.
Unknown command.
Casting: Spider Form (quite dangerous; 19% risk of failure)
Confirm with . or Enter, or press ? or * to list all spells.
You grow a pair of large bovine horns.
Your feet morph into talons.
The +1 pair of boots "Mitask" {rPois rC- Str+2} melds into your body.
The adder hisses angrily. 😎 MP[-1]
You lost 1 mp, and now have 8/9 mp.
The adder closely misses you.
You closely miss the adder. Your kick misses the adder.
Your headbutt misses the adder. The adder bites you but does no damage.
You punch the adder! Your kick misses the adder. The adder barely misses you.
You closely miss the adder. You claw the adder, but do no damage.
Your headbutt misses the adder.
Your tail-slap misses the adder.
The adder bites you but does no damage.
You hit the adder.
You kill the adder!
Your transformation is almost over. 😎 MP[+1]
Your mp is fully restored (9).
A scorpion comes into view.
A hound comes into view.
There are monsters nearby!
There are monsters nearby!
The hound barks!
The scorpion attacks as you move away! The scorpion stings you.
You are poisoned.
The scorpion poisons you!
Your horns disappear.
Your talons disappear.
The +1 pair of boots "Mitask" {rPois rC- Str+2} unmelds from your body.
You feel very sick. 😕 HP[-6]
You take 6 damage, and now have 34/40 hp.
You feel sick. 😕 HP[-1]
You take 1 damage, and now have 33/40 hp.
Unknown command.
Casting: Beastly Appendage (safe; 3% risk of failure)
Confirm with . or Enter, or press ? or * to list all spells.
The spell is quite dangerous to miscast (19% risk of failure)!
Continue anyway? [Y]es or [N]o only, please.
The spell is quite dangerous to miscast (19% risk of failure)!
Continue anyway?
You turn into a venomous arachnid creature.
Your +1 pair of gloves melds into your body.
The +1 pair of boots "Mitask" {rPois rC- Str+2} melds into your body.
You feel sick. The scorpion stings you.
You are more poisoned.
The scorpion poisons you! 😮 HP[-4] MP[-3]
You take 4 damage, and now have 29/40 hp.
You lost 3 mp, and now have 6/9 mp.
Casting: Spider Form (quite dangerous; 38% risk of failure)
Confirm with . or Enter, or press ? or * to list all spells.
The spell is quite dangerous to miscast (38% risk of failure)!
Continue anyway? [Y]es or [N]o only, please.
The spell is quite dangerous to miscast (38% risk of failure)!
Continue anyway?
Okay, then.
Unknown command.
You barely miss the scorpion.
You feel very sick. The scorpion misses you. 😮 HP[-5]
You take 5 damage, and now have 24/40 hp.
You barely miss the scorpion.
You feel very sick.
The scorpion closely misses you. 😮 HP[-3]
You take 3 damage, and now have 21/40 hp.
You bite the scorpion!
You feel very sick. The scorpion misses you. The scorpion stings you.
* * * LOW HITPOINT WARNING * * *
You are lethally poisoned!
The scorpion poisons you! 😨 HP[-8]
You take 8 damage, and now have 13/40 hp.
* * * LOW HITPOINT WARNING * * *
You feel extremely sick.
There is a stone staircase leading up here. 😱 HP[-9]
You take 9 damage, and now have 4/40 hp.
MASSIVE DAMAGE!! (PAUSE)
You feel much better.
* * * LOW HITPOINT WARNING * * *
You feel extremely sick. The scorpion stings you.
* * * LOW HITPOINT WARNING * * *
You are more poisoned.
The scorpion poisons you! 😱 HP[+2]
You regained 2 hp, and now have 6/40 hp.
You die...

Skill      XL: |  1  2  3  4  5 |
---------------+----------------+-----
Transmutations | 3 4 |  4.4
Poison Magic   | 1 |  1.0
Spellcasting   | 3 |  3.2
Unarmed Combat | 4 |  4.0
Fighting       | |  1.1
Dodging        | |  1.7
Ice Magic      | |  0.1

Action                   |  1- 3 |  4- 6 || total
-------------------------+-------+-------++-------
Melee: Unarmed           |    84 |    68 ||   152
       Kick              |    11 |     7 ||    18
       Tailslap          |     8 |     4 ||    12
       Headbutt          |     8 |     3 ||    11
 Cast: Beastly Appendage |    22 |    10 ||    32
       Spider Form       |     4 |     6 ||    10
       Wereblood         |       |     2 ||     2
  Use: Scroll            |       |    13 ||    13
       Potion            |       |     1 ||     1
Armor: Skin              |    21 |    22 ||    43
Dodge: Dodged            |    51 |    52 ||   103

Levels and vault maps discovered:
D:1:      reono_arrival_mine, layout_loops_corners
D:2:      minmay_spotlight, layout_basic, nrook_uturn
D:3:      layout_basic
D:4:      layout_gridville, minmay_temple_entry_poolview
D:5:      minmay_clustersquares, layout_basic, nicolae_shop_clearance,
          uniq_crazy_yiuf_cottage
Temple:   mainiacjoe_temple_coin_purse

Notes
Turn   | Place    | Note
-------+----------+-------------------------------------------
     0 | D:1      | kae the Draconian Transmuter began the quest for the Orb.
     0 | D:1      | Reached XP level 1. HP: 16/16 MP: 3/3
     0 | D:1      | magus.rc [v1.11.3]
   356 | D:1      | Reached XP level 2. HP: 23/23 MP: 3/5
   984 | D:2      | Learned a level 2 spell: Wereblood
  1167 | D:2      | Reached XP level 3. HP: 25/28 MP: 4/6
  1168 | D:2      | Reached skill level 3 in Transmutations
  1172 | D:2      | Learned a level 3 spell: Spider Form
  1928 | D:2      | Identified the +1 pair of boots "Mitask" {rPois rC- Str+2}
  2312 | D:2      | Reached XP level 4. HP: 21/35 MP: 3/7
  2548 | D:3      | Reached skill level 1 in Poison Magic
  2622 | D:3      | You add the spells Gell's Gravitas, Teleport Other and
                  | Dispersal to your library.
  3179 | D:4      | You pick up a book of Armaments and begin reading...
  3179 | D:4      | You add the spells Stone Arrow and Lehudib's Crystal Spear
                  | to your library.
  3289 | D:4      | Found a staircase to the Ecumenical Temple.
  3373 | Temple   | Entered the Ecumenical Temple
  3515 | Temple   | Became a worshipper of Ru the Awakened
  3574 | D:4      | Noticed a scorpion
  3580 | D:4      | Killed a scorpion
  3581 | D:4      | Reached skill level 3 in Spellcasting
  3581 | D:4      | Reached skill level 4 in Transmutations
  3581 | D:4      | Reached XP level 5. HP: 30/40 MP: 5/9
  3816 | D:4      | Reached skill level 4 in Unarmed Combat
  4059 | D:5      | Entered Level 5 of the Dungeon
  4065 | D:5      | Learned a level 4 spell: Ice Form
  4136 | D:5      | Identified a scroll of acquirement
  4193 | D:5      | HP: 4/40 [poisoned by a scorpion]
  4195 | D:5      | Succumbed to a scorpion's poison

Vanquished Creatures
  2 scorpions (D:4)
  3 gnolls
  3 adders
  A shadow imp (D:2)
  2 dart slugs
  2 worms (D:3)
  An orc (D:4)
  6 endoplasms
  A giant cockroach (D:1)
  3 goblins
  4 hobgoblins
  5 quokkas
  4 ball pythons
  6 bats
  4 frilled lizards
  8 kobolds
  3 rats
58 creatures vanquished.

Table legend:
 A = Non-vault XP
 B = Vault XP
 C = Vault XP percentage of total XP
 D = Non-vault monster count
 E = Vault monster count
 F = Vault count percentage of total count
                 A         B        C        D         E       F
            +---------+---------+-------+---------+---------+-------
      Total |     347 |       5 |   1.4 |      55 |       3 |   5.2
            +---------+---------+-------+---------+---------+-------
        D:1 |      20 |       0 |   0.0 |      13 |       0 |   0.0
        D:2 |      76 |       5 |   6.2 |      17 |       3 |  15.0
        D:3 |      54 |       0 |   0.0 |      14 |       0 |   0.0
        D:4 |     184 |       0 |   0.0 |      10 |       0 |   0.0
        D:5 |      13 |       0 |   0.0 |       1 |       0 |   0.0
            +---------+---------+-------+---------+---------+-------

Illustrated notes

Table legend:
 A = Kills in this place as a percentage of kills in entire the game.
 B = Kills by you in this place as a percentage of kills by you in the entire game.
 C = Kills by friends in this place as a percentage of kills by friends in the entire game.
 D = Other kills in this place as a percentage of other kills in the entire game.
 E = Experience gained in this place as a percentage of experience gained in the entire game.
 F = Experience gained in this place divided by the number of levels of this place that you have seen.
                   A       B       C       D       E      F
               +-------+-------+-------+-------+-------+----------------------
         Total | 100.0 | 100.0 |   N/A |   N/A | 100.0 |  58.7
       Dungeon | 100.0 | 100.0 |   N/A |   N/A | 100.0 |  70.4
               +-------+-------+-------+-------+-------+----------------------

Table legend: (Time is in decaauts)
 A = Elapsed time spent in this place.
 B = Non-inter-level travel time spent in this place.
 C = Inter-level travel time spent in this place.
 D = Time resting spent in this place.
 E = Time spent auto-exploring this place.
 F = Levels seen in this place.
 G = Mean time per level.
                   A        B        C        D        E       F      G
               +--------+--------+--------+--------+--------+-----+--------+
         Total |   4196 |   3992 |    204 |    336 |   3098 |   6 |  699.3 |
       Dungeon |   4041 |   3881 |    160 |    336 |   3002 |   5 |  808.2 |
        Temple |    154 |    110 |     44 |      0 |     96 |   1 |  154.0 |
               +--------+--------+--------+--------+--------+-----+--------+

Top non-repeatable levels by time:
     D:2: 1387 daAuts
     D:1: 975 daAuts
     D:4: 932 daAuts
     D:3: 672 daAuts
  Temple: 154 daAuts
     D:5: 73 daAuts
